 Dungeon Crawl Stone Soup version 0.30-a0-141-g30f27751c5 (webtiles) character file.

Game seed: 10155966105429101441

65068 Belterius the Severer (level 14, -1/132 HPs)
             Began as a Minotaur Fighter on Sept 25, 2022.
             Was the Champion of Okawaru.
             Slain by an ettin
             ... wielding a +0 dire flail
              (24 damage)
             ... on level 13 of the Dungeon.
             The game lasted 00:59:20 (22820 turns).

Belterius the Severer (Minotaur Fighter)           Turns: 22820, Time: 00:59:20

Health: -1/132     AC: 29    Str: 34    XL:     14   Next: 74%
Magic:  19/19      EV:  7    Int:  8    God:    Okawaru [******]
Gold:   1504       SH: 22    Dex: 11    Spells: 13/13 levels left

rFire   . . .      SeeInvis .    C - +8 broad axe of Iconoclasm {drain, Will+ Int+4}
rCold   + . .      Faith    .    R - +5 kite shield {AC+3}
rNeg    . . .      Spirit   .    Q - +1 plate armour {Will+}
rPois   .          Reflect  +    (helmet restricted)
rElec   .          Harm     .    O - +1 cloak
rCorr   .          Rampage  .    q - +2 pair of gloves
Will    +++..                    N - +1 pair of boots
Stlth   ..........               B - amulet of reflection
HPRegen 0.32/turn                f - +6 ring of strength
MPRegen 0.16/turn                P - +4 ring of slaying

@: slowed, very slow
A: horns 2, retaliatory headbutt, fangs 1, cold resistance 1, strong 1
a: Renounce Religion, Heroism, Finesse, Duel


You were on level 13 of the Dungeon.
You worshipped Okawaru.
Okawaru was exalted by your worship.
You visited 3 branches of the dungeon, and saw 19 of its levels.
You also visited: Sewer, Ossuary, Bailey and Ice Cave.

You collected 1627 gold pieces.
You spent 123 gold pieces at shops.

Inventory:

Hand Weapons
 C - the +8 broad axe of Iconoclasm (weapon) {drain, Will+ Int+4}
   (Okawaru gifted it to you on level 4 of the Lair of Beasts)

   A truly terrible weapon, it drains the life of any living foe it strikes.
   Int:       It affects your intelligence (+4).
   Will:      It increases your willpower.
 S - the +12 spear "Niasaje" {freeze, rC+ rCorr Int+3}
   (You found it in an ice cave)

   It freezes those it strikes, dealing additional cold damage.
   It can also slow down cold-blooded creatures.
   Int:       It affects your intelligence (+3).
   rC:        It protects you from cold.
   rCorr:     It protects you from acid and corrosion.
Missiles
 G - 2 atropa-tipped darts (quivered)
Armour
 g - a +0 pair of boots
 q - a +2 pair of gloves (worn)
 N - a +1 pair of boots (worn)
 O - a +1 cloak (worn)
 Q - a +1 plate armour of willpower (worn)
 R - a +5 kite shield of protection (worn)
 U - a +0 kite shield of reflection
Jewellery
 a - a +4 ring of evasion
 f - a +6 ring of strength (left hand)
 B - an amulet of reflection (around neck)
 D - a ring of magical power
 E - a ring of see invisible
 J - an amulet of the acrobat
 P - a +4 ring of slaying (right hand)
 T - a ring of ice
Wands
 i - a wand of acid (8)
 A - a wand of digging (12)
 K - a wand of roots (3)
Scrolls
 c - 3 scrolls of amnesia
 h - 16 scrolls of teleportation
 o - 4 scrolls of butterflies {unknown}
 t - 2 scrolls of magic mapping {unknown}
 u - a scroll of identify
 v - a scroll of enchant armour
 w - a scroll of summoning {unknown}
 x - 4 scrolls of enchant weapon {unknown}
 y - 4 scrolls of blinking {unknown}
 L - a scroll of poison
 M - 3 scrolls of noise {unknown}
 V - a scroll of immolation {unknown}
Potions
 b - a potion of resistance
 d - 11 potions of curing
 e - 2 potions of haste
 j - 3 potions of magic
 k - 2 potions of ambrosia
 l - 2 potions of invisibility
 m - 3 potions of attraction
 n - 2 potions of flight
 p - 3 potions of heal wounds
 r - 5 potions of cancellation
 s - 3 potions of brilliance
 z - 2 potions of mutation
 F - 2 potions of degeneration
 H - 6 potions of might
 I - 2 potions of lignification


   Skills:
 + Level 14.2 Fighting
 - Level 18.0 Axes
 + Level 3.9 Throwing
 + Level 14.2 Armour
 + Level 14.1 Shields
 - Level 8.0 Invocations


You had 13 spell levels left.
You didn't know any spells.
Your spell library contained the following spells:

 Spells                   Type           Power      Damage    Failure   Level
 Freeze                   Ice            0%         1d3       98%         1
 Blink                    Tloc           0%         N/A       99%         2
 Ensorcelled Hibernation  Hex/Ice        0%         N/A       99%         2
 Frozen Ramparts          Ice            0%         1d1       100%        3
 Gell's Gravitas          Tloc           0%         N/A       100%        3
 Lesser Beckoning         Tloc           0%         N/A       100%        3
 Teleport Other           Tloc           0%         N/A       100%        3
 Hailstorm                Conj/Ice       0%         3d3       100%        4
 Manifold Assault         Tloc           0%         N/A       100%        4
 Freezing Cloud           Conj/Ice/Air   0%         6-21      100%        5
 Storm Form               Tmut/Air       0%         N/A       100%        7
 Summon Ice Beast         Ice/Summ       Unusable   N/A       N/A         4

Dungeon Overview and Level Annotations

Branches:
Dungeon (13/15)            Temple (1/1) D:7            Lair (5/5) D:8
 Shoals (0/4) Lair:2       Spider (0/4) Lair:2        Slime (0/5) Lair:5
    Orc (0/2) D:11          Sewer (visited)         Ossuary (visited)
 Bailey (visited)           IceCv (visited)
 Vaults: D:13-14

Altars:
Ashenzari
Cheibriados
Elyvilon
Fedhas
Gozag
Hepliaklqana
Makhleb
Nemelex Xobeh
Okawaru
Sif Muna
Xom

Shops:
D:5 **=(?   D:9 ?   D:10 !   D:11 [   D:12 *[

Annotations:
D:3 Sigmund
Lair:3 2 transporters, Xenophilius's ghost, journeyman PaWn


Innate Abilities, Weirdness & Mutations

You have a pair of horns on your head.
You reflexively headbutt those who attack you in melee.
You have very sharp teeth.
Your flesh is cold resistant. (rC+)
Your muscles are strong. (Str +4, Int/Dex -1)


Message History

You block something's attack.
There are monsters nearby!
Unknown command.
Something hits you! Something drains your vigour!
You feel yourself slow down. You block the ettin's attack.
The ettin closely misses you.
There are monsters nearby!
Unknown command.
You slash the ettin! You headbutt the ettin!!
The ettin is heavily wounded.
You closely miss something. Something hits you but does no damage.
You block the ettin's attack.
The ettin hits you with a +0 dire flail!!
There are monsters nearby!
Unknown command.
You hit the ettin.
The ettin is heavily wounded.
You slice something!! Okawaru accepts your kill.
Reactivating autopickup.
You feel a bit more experienced.
The swamp worm fires a harpoon shot at you.
The harpoon shot reflects off an invisible shield around you!
The harpoon shot misses the swamp worm.
You block the ettin's attack.
The ettin hits you with a +0 dire flail!!
You slash the ettin! Your headbutt misses the ettin. You bite the ettin.
The ettin is severely wounded.
You hit the swamp worm. You block the ettin's attack. x2
The swamp worm bites you but does no damage.
There are monsters nearby!
Unknown command.
You completely miss the ettin. You headbutt the ettin!
The ettin is almost dead.
You slash the swamp worm! You drain the swamp worm.
You block the ettin's attack.
The ettin hits you with a +0 dire flail!!
The swamp worm bites you but does no damage.
The ettin hits you with a +0 dire flail!!
* * * LOW HITPOINT WARNING * * *
The ettin hits you with a +0 dire flail!!
You die...

#)#####.#........
#.....#.'........
#####.###........
####.# #........
## ####....#
#........ #.
..#.####
#........ #
#.####.#.###
#........
..####.#<.#w#...#
#........
#......#.#C@....#
########.
.......#.'......#
## #....#......#
#..).'.....##
#....#.....#
#....#..^..#
#....##....#
#....#######
#.#.##


You could see an ettin and a swamp worm (drained).

Vanquished Creatures
  Jorgrun (D:12)
  2 azure jellies (IceCv)
  2 quicksilver oozes (IceCv)
  Snorg (D:13)
  The ghost of night the Grappler, a journeyman TrWr of Cheibriados (Lair:4)
  6 hydras
  A catoblepas (D:12)
  3 two-headed ogres
  A centaur warrior (D:9)
  2 boulder beetles
  Sonja (D:12)
  A shadow wraith (D:13)
  A lindwurm (Lair:1)
  Pikel (D:5)
  A deep elf pyromancer (D:13)
  3 harpies (D:12)
  2 oklob plants (Lair:4)
  5 ugly things
  The ghost of DocSulfur the Blocker, a novice FoFi of Elyvilon (D:9)
  A manticore (D:12)
  A cyclops (D:12)
  15 elephants
  Maurice (D:9)
  3 black mambas
  A guardian serpent (shapeshifter) (D:9)
  10 cane toads
  2 ice statues (IceCv)
  3 gargoyles
  Maggie (D:6)
  2 unseen horrors
  4 rime drakes (Lair:5)
  An efreet (D:13)
  9 komodo dragons
  A kobold demonologist (D:11)
  3 trolls
  A hornet (D:10)
  20 blink frogs
  Prince Ribbit (D:8)
  18 slime creatures
  14 dream sheep
  A jumping spider (Lair:2)
  A shadow (D:11)
  2 wyverns
  8 basilisks
  A wraith (D:11)
  3 steam dragons
  31 yaks
  8 vampire mosquitoes
  2 neqoxecs (D:9)
  2 acid dragons
  A warg (shapeshifter) (D:9)
  9 water moccasins
  Pargi (Sewer)
  Duvessa (D:6)
  9 orc warriors
  A black bear (D:5)
  4 great orb of eyes simulacra (IceCv)
  3 ogres
  8 centaurs
  14 wolves
  4 slime creature simulacra (IceCv)
  2 lemures (D:5)
  6 kobold brigands
  A phantom (D:6)
  12 bullfrogs
  2 necrophages
  2 gnoll sergeants (D:6)
  3 scorpions
  A glowing shapeshifter simulacrum (IceCv)
  7 wights
  Dowan (D:6)
  A killer bee (D:7)
  7 howler monkeys
  5 centaur zombies (Ossuary)
  A jelly (D:4)
  8 hounds
  7 orc priests
  3 iguanas
  18 orc wizards
  4 shapeshifter simulacra (IceCv)
  7 mummies
  11 adders
  14 gnolls
  A river rat (D:5)
  A shadow imp (D:7)
  12 white imps (D:12)
  6 worms
  3 dart slugs
  63 orcs
  6 endoplasms
  A giant cockroach (D:4)
  5 goblins
  4 hobgoblins
  4 jackals
  6 quokkas
  9 ball pythons
  4 bats (D:1)
  10 frilled lizards
  2 hobgoblin zombies (Ossuary)
  47 kobolds
  14 rats
583 creatures vanquished.

Vanquished Creatures (others)
  A swamp drake (Lair:5)
  A glowing shapeshifter simulacrum (IceCv)
  A shapeshifter simulacrum (IceCv)
  2 gnolls (D:6)
  15 fungi
  49 plants
  A withered plant (D:12)
70 creatures vanquished.

Grand Total: 653 creatures vanquished

Notes
Turn   | Place    | Note
-------+----------+-------------------------------------------
     0 | D:1      | Belterius the Minotaur Fighter began the quest for the Orb.
     0 | D:1      | Reached XP level 1. HP: 19/19 MP: 0/0
   245 | D:1      | Reached XP level 2. HP: 24/27 MP: 1/1
   641 | D:1      | Reached skill level 3 in Axes
   703 | D:1      | Reached XP level 3. HP: 29/33 MP: 2/2
  1229 | D:2      | Reached XP level 4. HP: 33/40 MP: 3/3
  2228 | D:3      | Reached skill level 4 in Axes
  2229 | D:3      | Reached XP level 5. HP: 47/47 MP: 4/4
  2431 | D:3      | Found a blossoming altar of Fedhas.
  2608 | D:3      | Noticed Sigmund
  2724 | D:4      | Reached skill level 5 in Axes
  2724 | D:4      | Reached skill level 5 in Armour
  2724 | D:4      | Reached skill level 5 in Shields
  2724 | D:4      | Reached XP level 6. HP: 53/55 MP: 5/5
  2782 | D:4      | Reached skill level 5 in Fighting
  3592 | D:4      | Reached XP level 7. HP: 61/61 MP: 6/6
  3597 | D:4      | Reached skill level 6 in Axes
  3731 | D:4      | Found a hazy altar of Hepliaklqana.
  3772 | D:4      | Found a snail-covered altar of Cheibriados.
  4152 | D:5      | Entered Level 5 of the Dungeon
  4195 | D:5      | Found a glowing drain.
  4206 | Sewer    | Entered a sewer
  4269 | Sewer    | Noticed Pargi
  4281 | Sewer    | Killed Pargi
  4437 | D:5      | Reached skill level 7 in Axes
  4450 | D:5      | Noticed Pikel
  4452 | D:5      | Found Zaumeil's Magic Scroll Emporium.
  4464 | D:5      | Killed Pikel
  4465 | D:5      | Reached skill level 8 in Axes
  4465 | D:5      | Reached XP level 8. HP: 10/71 MP: 7/7
  4876 | D:5      | Bought a scroll of enchant armour for 97 gold pieces
  4876 | D:5      | Bought a scroll of identify for 26 gold pieces
  5436 | D:5      | Found Xooluzat's Antique Weapon Shoppe.
  5448 | D:5      | Found Hiroret's Jewellery Shoppe.
  5460 | D:5      | Found Eniyfec's Assorted Antiques.
  5468 | D:5      | Found Bessum's General Store.
  6046 | D:6      | Reached skill level 9 in Axes
  6333 | D:6      | HP: 3/73 [gnoll sergeant/+2 spear of freezing (1)]
  6755 | D:5      | Reached XP level 9. HP: 79/79 MP: 8/8
  7218 | D:6      | Noticed Maggie
  7236 | D:6      | Killed Maggie
  7416 | D:6      | Reached skill level 10 in Axes
  7416 | D:6      | Identified the ring of Stoicism {*Corrode Will+ Str+4 Int+2
                  | Dex+4}
  7560 | D:6      | Noticed Duvessa
  7560 | D:6      | Noticed Dowan
  7568 | D:6      | Killed Duvessa
  7568 | D:6      | Killed Dowan
  7832 | D:6      | Found a white marble altar of Elyvilon.
  8001 | D:7      | Found a staircase to the Ecumenical Temple.
  8014 | Temple   | Entered the Ecumenical Temple
  8051 | Temple   | Became a worshipper of Warmaster Okawaru
  8166 | D:7      | Found a sand-covered staircase.
  8177 | Ossuary  | Entered an ossuary
  8506 | D:7      | Reached skill level 11 in Axes
  8575 | D:7      | Reached * piety under Okawaru
  8804 | D:7      | Reached XP level 10. HP: 90/90 MP: 9/9
  9082 | D:7      | Reached ** piety under Okawaru
  9362 | D:8      | Noticed Prince Ribbit
  9374 | D:8      | Killed Prince Ribbit
 10031 | D:8      | Found a staircase to the Lair.
 10239 | D:9      | Found Peiful's Magic Scroll Emporium.
 10329 | D:9      | Reached skill level 12 in Axes
 10407 | D:9      | Identified the +1 scale mail of Fatso {Dex+7}
 10463 | D:9      | Noticed a centaur warrior
 10470 | D:9      | Killed a centaur warrior
 10470 | D:9      | Reached *** piety under Okawaru
 10718 | D:9      | Found an opulent altar of Gozag.
 10873 | D:9      | Found a runed translucent gate.
 10873 | D:9      | Found a runed translucent gate.
 10874 | D:9      | Found a runed translucent gate.
 10875 | D:9      | Noticed a red ugly thing
 10880 | D:9      | Noticed a cyan ugly thing
 10880 | D:9      | Noticed a red ugly thing
 10881 | D:9      | Noticed a red ugly thing
 10929 | D:9      | Noticed Maurice
 10943 | D:9      | Killed Maurice
 11104 | D:9      | Found a sparkling altar of Nemelex Xobeh.
 11305 | D:10     | Entered Level 10 of the Dungeon
 11352 | D:10     | Noticed a gargoyle
 11358 | D:10     | Killed a gargoyle
 11360 | D:10     | Noticed a gargoyle
 11370 | D:10     | Killed a gargoyle
 11370 | D:10     | Reached **** piety under Okawaru
 11371 | D:10     | Reached skill level 13 in Axes
 11371 | D:10     | Reached XP level 11. HP: 64/99 MP: 10/10
 11583 | D:10     | Found Bued's Distillery.
 11605 | D:10     | Found a flagged portal.
 11614 | Bailey   | Entered a bailey
 11930 | Bailey   | Reached skill level 10 in Armour
 12251 | D:10     | Noticed a boulder beetle
 12272 | D:10     | Killed a boulder beetle
 12273 | D:10     | Reached skill level 10 in Fighting
 12273 | D:10     | Reached skill level 10 in Shields
 12426 | D:10     | Reached skill level 1 in Invocations
 12462 | D:10     | Reached ***** piety under Okawaru
 12974 | D:11     | Found a gate leading to a gauntlet.
 13007 | D:11     | Noticed a white ugly thing
 13007 | D:11     | Noticed a centaur warrior
 13038 | D:11     | Found Nofiajearr's Armour Emporium.
 13039 | D:11     | Found a staircase to the Orcish Mines.
 13478 | D:11     | Reached skill level 14 in Axes
 13944 | D:11     | Noticed a death knight
 13956 | D:11     | Noticed a boulder beetle
 14034 | D:11     | Noticed a wolf spider
 14190 | D:9      | Killed a cyan ugly thing
 14197 | D:9      | Killed a brown ugly thing
 14204 | D:9      | Killed a green ugly thing
 14210 | D:9      | Killed a cyan ugly thing
 14383 | D:9      | Found a runed translucent gate.
 14383 | D:9      | Found a runed translucent gate.
 14390 | D:9      | Found a runed translucent gate.
 14390 | D:9      | Noticed DocSulfur's ghost (novice FoFi)
 14415 | D:9      | Killed DocSulfur's ghost
 14719 | D:11     | Gained mutation: You are partially covered in iridescent
                  | scales. (AC +2) [potion of mutation]
 14722 | D:11     | Lost mutation: You are partially covered in iridescent
                  | scales. (AC +2) [potion of mutation]
 14722 | D:11     | Gained mutation: You are weak. (Str -2) [potion of
                  | mutation]
 14723 | D:11     | Lost mutation: You are weak. (Str -2) [potion of mutation]
 14723 | D:11     | Gained mutation: You have hidden genetic defects. [potion
                  | of mutation]
 14723 | D:11     | Gained mutation: You are occasionally teleported next to
                  | monsters. [potion of mutation]
 14723 | D:11     | Lost mutation: You have hidden genetic defects. [potion of
                  | mutation]
 14724 | D:11     | Lost mutation: You are occasionally teleported next to
                  | monsters. [potion of mutation]
 14724 | D:11     | Gained mutation: Your muscles are strong. (Str +4, Int/Dex
                  | -1) [potion of mutation]
 14724 | D:11     | Gained mutation: Your flesh is cold resistant. (rC+)
                  | [potion of mutation]
 14724 | D:11     | Gained mutation: You have very sharp teeth. [potion of
                  | mutation]
 14803 | Lair:1   | Entered Level 1 of the Lair of Beasts
 14852 | Lair:1   | Reached XP level 12. HP: 101/110 MP: 13/13
 15582 | Lair:1   | Reached ****** piety under Okawaru
 15837 | Lair:2   | Found a staircase to the Shoals.
 15913 | Lair:2   | Found a hole to the Spider Nest.
 15988 | Lair:2   | Found a snail-covered altar of Cheibriados.
 16041 | Lair:2   | Reached skill level 15 in Axes
 16560 | Lair:3   | Noticed a six-headed hydra
 16799 | Lair:3   | Killed a 14-headed hydra
 16799 | Lair:3   | Received a gift from Okawaru
 16966 | Lair:3   | Reached skill level 5 in Invocations
 17046 | Lair:3   | Identified the +0 robe of Lugonu's Supremacy {rC+++ rN+
                  | Dex-3 SInv}
 17211 | Lair:3   | Found a transporter.
 17214 | Lair:3   | Noticed Xenophilius's ghost (journeyman PaWn)
 17217 | Lair:3   | Noticed a death yak
 17230 | Lair:3   | Found a transporter.
 17467 | D:11     | Noticed a spark wasp
 17642 | Lair:4   | Identified the +8 broad axe of Iconoclasm {drain, Will+
                  | Int+4} (Okawaru gifted it to you on level 4 of the Lair of
                  | Beasts)
 17642 | Lair:4   | Received a gift from Okawaru
 17644 | Lair:4   | Reached skill level 16 in Axes
 17647 | Lair:4   | Noticed an eight-headed hydra
 17760 | Lair:4   | Reached XP level 13. HP: 118/118 MP: 15/15
 17967 | Lair:4   | Found a runed translucent door.
 17967 | Lair:4   | Noticed night's ghost (journeyman TrWr)
 17979 | Lair:4   | Found the +1 robe of Vines {NoPotionHeal Regen++++}
 18144 | Lair:4   | Received a gift from Okawaru
 18425 | Lair:4   | Identified the +5 quarterstaff of Feeding Quick Death
                  | {spect, Str+4}
 18533 | Lair:4   | Killed night's ghost
 18916 | Lair:5   | Entered Level 5 of the Lair of Beasts
 19155 | Lair:4   | Reached skill level 17 in Axes
 19486 | Lair:5   | Received a gift from Okawaru
 20056 | Lair:5   | Found a staircase to the Slime Pits.
 20107 | Lair:5   | Reached XP level 14. HP: 105/129 MP: 18/18
 20516 | D:12     | Found Oreaneq's Antique Armour Emporium.
 20567 | D:12     | Noticed Sonja
 20571 | D:12     | Killed Sonja
 20575 | D:12     | Received a gift from Okawaru
 20686 | D:12     | Found a frozen archway.
 20702 | IceCv    | Entered an ice cave
 20715 | IceCv    | Noticed a quicksilver ooze
 20720 | IceCv    | Killed a quicksilver ooze
 20721 | IceCv    | Reached skill level 18 in Axes
 20814 | IceCv    | Got the Volume of Rime
 20971 | IceCv    | Noticed a quicksilver ooze
 20975 | IceCv    | Killed a quicksilver ooze
 20976 | IceCv    | Reached skill level 1 in Throwing
 20979 | IceCv    | Received a gift from Okawaru
 21194 | IceCv    | Found a viscous altar of Jiyva.
 21194 | IceCv    | Noticed an azure jelly
 21205 | IceCv    | Killed an azure jelly
 21220 | IceCv    | Noticed an azure jelly
 21235 | IceCv    | Killed an azure jelly
 21329 | IceCv    | Got the +12 spear "Niasaje" {freeze, rC+ rCorr Int+3}
 21508 | D:12     | Noticed Jorgrun
 21518 | D:12     | Killed Jorgrun
 21640 | D:12     | Found Wevaf's Assorted Antiques.
 21913 | D:12     | Received a gift from Okawaru
 22106 | D:13     | Noticed Snorg
 22117 | D:13     | Killed Snorg
 22820 | D:13     | Slain by an ettin

Illustrated notes

Levels and vault maps discovered:
D:1:      dpeg_arrival_rooms_with_view, layout_basic
D:2:      layout_basic
D:3:      layout_basic, fedhas_altar_1, serial_bayou_lake_a, uniq_sigmund
D:4:      layout_basic, worldfamousw_hep_ancestral_shrine, slow_altar_1,
          minmay_fountain_box
D:5:      layout_layer_cave, serial_shops, shop, shop, nicolae_square_shop,
          shop_fountains, shop, gup_sewer_entry_bubbles, serial_bayou_crossing,
          uniq_pikel
D:6:      layout_basic, marbit_many_paths, minmay_misc_feat_doors, uniq_maggie,
          uniq_duvessa
D:7:      minmay_slanted_spiral_squares, layout_loops_ring,
          minmay_temple_entry_glass, gup_ossuary_entry_pyramid, serial_glass,
          glass_columns_b, glass_columns_b
D:8:      layout_rooms, lair_entry_dummy, uniq_prince_ribbit1
D:9:      layout_loops_ring, old_standard_altar, mainiacjoe_overflow_alcove_1,
          serial_shops, nicolae_shop_stone,
          ploomutoo_gammafunk_ghost_potion_laboratory, minmay_chambers_of_fives,
          uniq_maurice
D:10:     layout_roguey, enter_bailey_8, serial_shops,
          nicolae_shop_hallway_stairs
D:11:     layout_layer_cave, orc_david_3, gauntlet_entry_generic, minivault_12
D:12:     layout_irregular_city, serial_shops, kennysheep_little_box, shop,
          portal_ice_cave_entry_imps, argonaut_gorgonesque, uniq_sonja,
          uniq_jorgrun
D:13:     layout_basic, david_vaults_4, drop_trap, uniq_snorg
Temple:   nicolae_temple_slightly_damp_pantheon
Lair:1:   layout_regular_city, minivault_24, lemuel_fruit_tree,
          infiniplex_staircase_pool_2
Lair:2:   layout_hall_layers, elwin_shoals_entry_rocks, spider_nest_entry_a,
          lemuel_centaur_altar
Lair:3:   layout_cave_shapes, gammafunk_ghost_berserking_beasts,
          kennysheep_basilisk_garden
Lair:4:   layout_regular_city, hellmonk_ghost_happy_afterlife,
          hellmonk_guarded_unrand_vines
Lair:5:   evil_forest, layout_cave_pods, slime_entry_1, guppyfry_lair_drakes

Skill      XL: |  1  2  3  4  5  6  7  8  9 10 11 12 13 14 |
---------------+-------------------------------------------+-----
Shields        | 4 5 6 7 8 9 10 12 13 14 | 14.1
Armour         | 4 5 6 7 8 9 11 12 13 14 | 14.2
Axes           | 3 4 5 8 9 11 13 14 16 17 18 | 18.0
Fighting       | 4 5 6 7 8 9 11 12 13 14 | 14.2
Invocations    | 3 5 6 8 |  8.0
Throwing       | 3 |  3.9

Action                   |  1- 3 |  4- 6 |  7- 9 | 10-12 | 13-15 || total
-------------------------+-------+-------+-------+-------+-------++-------
Melee: War axe           |    96 |   134 |   317 |   577 |       ||  1124
       Headbutt          |     9 |    17 |    47 |   120 |    88 ||   281
       Bite              |       |       |       |    31 |    58 ||    89
       Broad axe         |       |       |       |    21 |   375 ||   396
Invok: Heroism           |       |       |       |     4 |     7 ||    11
       Finesse           |       |       |       |     2 |       ||     2
Evoke: Wand              |       |       |       |       |     5 ||     5
  Use: Potion            |       |       |     1 |     4 |       ||     5
       Scroll            |       |       |     6 |    10 |     3 ||    19
Armor: Scale mail        |    54 |    42 |    83 |       |       ||   179
       Plate armour      |       |       |    23 |   213 |   167 ||   403
Dodge: Dodged            |    42 |    72 |   189 |   124 |    52 ||   479
Block: Buckler           |    25 |    31 |   126 |    99 |       ||   281
       Reflection        |       |       |     6 |    20 |    10 ||    36
       Kite shield       |       |       |       |   357 |   336 ||   693

Table legend: (Time is in decaauts)
 A = Elapsed time spent in this place.
 B = Non-inter-level travel time spent in this place.
 C = Inter-level travel time spent in this place.
 D = Time resting spent in this place.
 E = Time spent auto-exploring this place.
 F = Levels seen in this place.
 G = Mean time per level.
                   A        B        C        D        E       F      G
               +--------+--------+--------+--------+--------+-----+--------+
         Total |  22909 |  21617 |   1292 |   3448 |  14091 |  23 |  996.0 |
       Dungeon |  15776 |  14807 |    969 |   1883 |  10466 |  13 | 1213.5 |
        Temple |     60 |     60 |      0 |      0 |      0 |   1 |   60.0 |
          Lair |   5280 |   4958 |    322 |    999 |   3051 |   5 | 1056.0 |
         Sewer |    210 |    210 |      0 |     68 |     11 |   1 |  210.0 |
       Ossuary |    261 |    261 |      0 |    124 |     91 |   1 |  261.0 |
        Bailey |    566 |    566 |      0 |    223 |    189 |   1 |  566.0 |
      Ice Cave |    752 |    752 |      0 |    151 |    281 |   1 |  752.0 |
               +--------+--------+--------+--------+--------+-----+--------+

Top non-repeatable levels by time:
     D:5: 2200 daAuts
     D:9: 1757 daAuts
  Lair:4: 1717 daAuts
     D:6: 1398 daAuts
    D:11: 1228 daAuts
     D:4: 1172 daAuts
    D:10: 1147 daAuts
     D:2: 1130 daAuts
     D:8: 1114 daAuts
     D:1: 1079 daAuts
  Lair:1: 1005 daAuts
     D:7: 999 daAuts
    D:12: 963 daAuts
  Lair:2: 900 daAuts
     D:3: 885 daAuts
